 Dungeon Crawl Stone Soup version 0.23-a0-378-gd7a6ca6 (webtiles) character file.

434 MTVSty1e the Chopper (level 7, -3/44 HPs)
             Began as a Gargoyle Fighter on Oct 27, 2018.
             Was an Initiate of Okawaru.
             Slain by an ogre
             ... wielding a cursed +0 giant club
              (15 damage)
             ... on level 5 of the Dungeon.
             The game lasted 00:04:22 (4037 turns).

MTVSty1e the Chopper (Gargoyle Fighter)             Turns: 4037, Time: 00:04:23

Health: -3/44      AC: 12    Str: 21    XL:     7   Next: 0%
Magic:  7/7        EV:  7    Int:  9    God:    Okawaru [......]
Gold:   165        SH:  9    Dex:  9    Spells: 6/6 levels left

rFire    . . .     SeeInvis .   a - +1 war axe
rCold    . . .     Gourm    .   c - +0 shield
rNeg     + . .     Faith    .   b - +0 scale mail
rPois    ∞         Spirit   .   (no helmet)
rElec    +         Reflect  .   p - scarf {repulsion}
rCorr    .         Harm     .   r - +0 pair of gloves
MR       .....                  (no boots)
Stlth    ..........             (no amulet)
HPRegen  0.14/turn              (no ring)
MPRegen  0.10/turn              (no ring)

@: repel missiles
A: negative energy resistance 1, electricity resistance, unbreathing,
petrification resistance, rot immunity, AC +4
a: Renounce Religion


You were on level 5 of the Dungeon.
You worshipped Okawaru.
Okawaru was noncommittal.
You were hungry.

You visited 2 branches of the dungeon, and saw 6 of its levels.

You collected 165 gold pieces.

Inventory:

Hand Weapons
 a - a +1 war axe (weapon)
Armour
 b - a +0 scale mail (worn)
 c - a +0 shield (worn)
 p - a scarf of repulsion (worn)
 r - a +0 pair of gloves (worn)
Scrolls
 h - 2 scrolls of remove curse
 m - 6 scrolls of identify
 n - 2 scrolls of enchant weapon
 o - 2 scrolls of amnesia
 q - 3 scrolls of fear
Potions
 d - a potion of might
 e - 2 potions of heal wounds
 g - a potion of flight {unknown}
 j - a potion of resistance {unknown}
 k - 2 potions of brilliance
 l - 2 potions of haste
 t - a potion of curing {unknown}
Comestibles
 f - 4 rations


   Skills:
 + Level 5.4 Fighting
 * Level 5.5 Axes
 - Level 3.2 Armour
 - Level 3.2 Shields


You had 6 spell levels left.
You didn't know any spells.
Your spell library contained the following spells:

 Spells                   Type           Power        Failure   Level  Hunger
 Corona                   Hex            #......      99%         1    ##.....
 Magic Dart               Conj           #...         99%         1    ##.....
 Blink                    Tloc           N/A          100%        2    ###....
 Call Imp                 Summ           #.......     100%        2    ###....
 Ensorcelled Hibernation  Hex/Ice        #.....       100%        2    ###....
 Slow                     Hex            #.......     100%        2    ###....
 Confuse                  Hex            #.......     100%        3    ####...
 Conjure Flame            Conj/Fire      #.......     100%        3    ####...
 Dazzling Spray           Conj/Hex       #.....       100%        3    ####...
 Mephitic Cloud           Conj/Pois/Air  #.......     100%        3    ####...
 Tukima's Dance           Hex            #.......     100%        3    ####...


Dungeon Overview and Level Annotations

Branches:
Dungeon (5/15)             Temple (1/1) D:4

Altars:
Ashenzari
Cheibriados
Dithmenos
Elyvilon
Fedhas
Gozag
Hepliaklqana
Kikubaaqudgha
Makhleb
Nemelex Xobeh
Okawaru
Qazlal
Ru
Sif Muna
Trog
Uskayaw
Vehumet
Wu Jian
Xom
Yredelemnul
Zin
The Shining One


Innate Abilities, Weirdness & Mutations

You are resistant to torment.
Your stone body is resilient. (AC +4)
You are immune to poison.
You resist negative energy. (rN+)
You are resistant to electric shocks. (rElec)
You can survive without breathing.
You are immune to petrification.
You are immune to rotting.


Message History

Pain shoots through your body!
You hit the ogre.
The ogre is lightly wounded.
You hit the shadow imp. The ogre barely misses you.
The shadow imp gestures at you. Pain shoots through your body!
You slash the shadow imp!
You kill the shadow imp!
Okawaru accepts your kill.
You have reached level 7!
You slash the ogre!
The ogre hits you with a cursed +0 giant club!!
Ouch! That really hurt!
* * * LOW HITPOINT WARNING * * *
You are too injured to fight recklessly!
You are too injured to fight recklessly!
You hit the ogre.
The ogre is heavily wounded.
The ogre hits you with a cursed +0 giant club!
You die...

# ####
#.#..#
#..@.#
#.#O.#
# #..#
#..#
#..#
#..#
#..#
#..#


You could see an ogre.

Vanquished Creatures
  An ogre (D:4)
  2 howler monkeys (D:4)
  An iguana (D:4)
  A gnoll (D:4)
  9 adders
  A shadow imp (D:5)
  2 oozes
  7 worms
  3 dart slugs
  5 leopard geckos
  12 orcs
  6 bats
  3 giant cockroaches
  5 goblins
  11 hobgoblins
  8 jackals (D:1)
  10 kobolds
  4 quokkas
  5 frilled lizards
  A jackal skeleton (D:4)
  A leopard gecko skeleton (D:4)
  4 rats
102 creatures vanquished.

Vanquished Creatures (others)
  A frilled lizard (D:1)
1 creature vanquished.

Grand Total: 103 creatures vanquished

Notes
Turn   | Place    | Note
-------+----------+-------------------------------------------
     0 | D:1      | MTVSty1e the Gargoyle Fighter began the quest for the Orb.
     0 | D:1      | Reached XP level 1. HP: 14/14 MP: 1/1
   162 | D:1      | Reached XP level 2. HP: 16/19 MP: 2/2
   348 | D:1      | Reached XP level 3. HP: 23/24 MP: 3/3
  1188 | D:2      | Reached XP level 4. HP: 27/29 MP: 4/4
  1521 | D:2      | Reached XP level 5. HP: 31/34 MP: 5/5
  2264 | D:3      | Found a hide-covered altar of Uskayaw.
  2641 | D:4      | Found a staircase to the Ecumenical Temple.
  2690 | D:4      | Reached XP level 6. HP: 10/40 MP: 6/6
  2942 | Temple   | Entered the Ecumenical Temple
  2950 | Temple   | Became a worshipper of Warmaster Okawaru
  3102 | D:4      | Reached skill level 5 in Fighting
  3102 | D:4      | Reached skill level 5 in Axes
  4031 | D:5      | Entered Level 5 of the Dungeon
  4036 | D:5      | Reached XP level 7. HP: 34/44 MP: 7/7
  4037 | D:5      | Slain by an ogre

Vault maps used:
D:1:      lightli_arrival_lavapool
D:2:      kennysheep_big_flooded_room, first_ration
D:3:      eat_drink_and_be_merry_uskayaw
D:4:      cheibrodos_barr_body, minmay_temple_entry_butterflies
D:5:      minmay_diamond_boxcup, gup_sewer_entry_spiral,
          kennysheep_small_square, uniq_pikel
Temple:   dpeg_three_leaves_temple

Skill      XL: |  1  2  3  4  5  6 |
---------------+-------------------+-----
Axes           | 2 3 4 5 |  5.5
Fighting       | 4 5 |  5.4
Armour         | |  3.2
Shields        | |  3.2

Action                   |  1- 3 |  4- 6 |  7- 9 || total
-------------------------+-------+-------+-------++-------
Melee: War axe           |   119 |   240 |     1 ||   360
  Use: Scroll            |       |     9 |       ||     9
  Eat: Ration            |     1 |     1 |       ||     2
       Chunk             |       |     3 |       ||     3
Armor: Scale mail        |    65 |   115 |       ||   180
Dodge: Dodged            |    28 |    78 |       ||   106
       Deflected         |       |     1 |       ||     1
Block: Shield            |    72 |   141 |       ||   213

Table legend:
 A = Non-vault XP
 B = Vault XP
 C = Vault XP percentage of total XP
 D = Non-vault monster count
 E = Vault monster count
 F = Vault count percentage of total count
                 A         B        C        D         E       F
            +---------+---------+-------+---------+---------+-------
      Total |     515 |     106 |  17.1 |      89 |      13 |  12.7
            +---------+---------+-------+---------+---------+-------
        D:1 |      66 |       0 |   0.0 |      29 |       0 |   0.0
        D:2 |     125 |       2 |   1.6 |      27 |       2 |   6.9
        D:3 |      65 |       0 |   0.0 |      22 |       0 |   0.0
        D:4 |     248 |     104 |  29.5 |      10 |      11 |  52.4
        D:5 |      11 |       0 |   0.0 |       1 |       0 |   0.0
            +---------+---------+-------+---------+---------+-------
